 Seeded DCSS version 0.31-a0-656-gb4d89c20fa (webtiles) character file.

Game seed: 13626088154475070101 (custom seed)

971 bmack86 the Cleaver (level 7, -13/52 (57) HPs)
             Began as a Minotaur Fighter on Aug 30, 2023.
             Mangled by a wight
             ... wielding a +0 battleaxe
              (15 damage)
             ... on level 6 of the Dungeon.
             The game lasted 00:08:05 (4288 turns).

bmack86 the Cleaver (Minotaur Fighter)              Turns: 4288, Time: 00:08:06

HP:   -13/52 (57)   AC: 12    Str: 23    XL:     7   Next: 94%
MP:   6/6           EV:  6    Int:  5    God:
Gold: 341           SH:  4    Dex:  9    Spells: 6/6 levels left

rFire   . . .        a - +0 war axe
rCold   . . .        c - +0 buckler
rNeg    . . .        k - +0 plate armour
rPois   .            i - +1 hat
rElec   .            u - scarf {harm}
rCorr   .            (no gloves)
SInv    .            (no boots)
Will    .....        (no amulet) Stlth
                     (no ring)
HPRegen 0.28/turn    (no ring)
MPRegen 0.10/turn

%: harm (+30% outgoing, +20% incoming)
@: drained
A: horns 2, retaliatory headbutt
a: no special abilities


You were on level 6 of the Dungeon.
You visited 1 branch of the dungeon, and saw 6 of its levels.

You collected 341 gold pieces.

Inventory:

Hand Weapons
 a - a +0 war axe (weapon)
Missiles
 h - 5 silver javelins (quivered)
Armour
 b - a +0 scale mail
 c - a +0 buckler (worn)
 i - a +1 hat (worn)
 k - a +0 plate armour (worn)
 u - a scarf of harm (worn)
Jewellery
 j - a ring of ice
 p - a ring of fire
 q - a ring of protection from fire
Scrolls
 e - a scroll of identify
 f - a scroll of noise {unknown}
 l - 2 scrolls of enchant armour {unknown}
 m - 3 scrolls of fear {unknown}
 n - 3 scrolls of teleportation {unknown}
 s - a scroll of brand weapon {unknown}
 t - a scroll of enchant weapon
 v - a scroll of amnesia
 w - a scroll of blinking {unknown}
Potions
 d - 2 potions of might
 g - a potion of magic
 o - a potion of ambrosia
 r - 2 potions of curing


   Skills:
 - Level 3.6 Fighting
 + Level 10.6 Axes
 - Level 3.6 Armour
 - Level 5.0 Shields


You had 6 spell levels left.
You didn't know any spells.
Your spell library contained the following spells:

 Spells                   Type           Power      Damage    Failure   Level
 Apportation              Tloc           0%         N/A       100%        1
 Magic Dart               Conj           0%         1d3       100%        1
 Necrotise                Necr           0%         1d4       100%        1
 Summon Small Mammal      Summ           0%         N/A       100%        1
 Searing Ray              Conj           0%         2d4       100%        2
 Ignite Poison            Fire/Tmut/Pois 0%         N/A       100%        3
 Inner Flame              Hex/Fire       0%         N/A       100%        3
 Portal Projectile        Hex/Tloc       0%         N/A       100%        3
 Tukima's Dance           Hex            0%         N/A       100%        3
 Fulminant Prism          Conj/Hex       0%         3d5       100%        4
 Iskenderun's Mystic Bla  Conj/Tloc      0%         2d3       100%        4
 Sticky Flame             Conj/Fire      0%         2d3       100%        4
 Yara's Violent Unravell  Hex/Tmut       0%         3d3       100%        5
 Enfeeble                 Hex            0%         N/A       100%        7
 Ignition                 Fire           0%         3d3       100%        8


Dungeon Overview and Level Annotations

Branches:
Dungeon (6/15)
 Temple: D:4-7

Altars:
Cheibriados
Dithmenos


Innate Abilities, Weirdness & Mutations

You have a pair of horns on your head.
You reflexively headbutt those who attack you in melee.


Message History

There are monsters nearby!
You hit the wight. Your headbutt misses the wight.
The wight is lightly damaged.
The wight closely misses you.
You hit the wight.
The wight is moderately damaged.
You closely miss the wight. You block the wight's attack. x2
You hit the wight.
The wight is heavily damaged.
You completely miss the wight. You slash the wight!
The wight barely misses you. The wight hits you but does no damage.
The wight hits you with a +0 battleaxe!
Unknown command.
You closely miss the wight.
The wight is severely damaged.
You barely miss the wight. x2; The wight hits you with a +0 scimitar.
You feel drained. The wight hits you with a +0 scimitar.
You feel drained. The wight hits you with a +0 battleaxe!
You hit the wight.
The wight is almost destroyed.
You closely miss the wight. You slash the wight! The wight closely misses you.
The wight hits you with a +0 scimitar.
* * * LOW HITPOINT WARNING * * *
The wight hits you with a +0 battleaxe.
* * * LOW HITPOINT WARNING * * *
You feel drained.
* * * LOW HITPOINT WARNING * * *
You barely miss the wight. Your headbutt misses the wight.
The wight is almost destroyed.
You hit the wight. You closely miss the wight.
The wight hits you with a +0 scimitar.
* * * LOW HITPOINT WARNING * * *
You block the wight's attack. The wight hits you with a +0 battleaxe.
* * * LOW HITPOINT WARNING * * *
You hit the wight but do no damage.
The wight is almost destroyed.
You closely miss the wight. You hit the wight.
You destroy the wight!
The wight hits you but does no damage. The wight hits you with a +0 battleaxe!
You die...

#######
+...z@#
#...)z#
#.....#
#.<...#
#######


You could see 2 wights.

Vanquished Creatures
  Menkaure (D:4)
  A water moccasin (D:5)
  A centaur (D:5)
  3 scorpions
  A wight (D:6)
  5 hounds
  A jelly (D:5)
  Jessica (D:2)
  3 iguanas (D:5)
  An orc wizard (D:5)
  4 gnolls
  7 adders
  An ufetubus (D:4)
  A worm (D:5)
  2 dart slugs (D:1)
  13 orcs
  4 bats
  4 endoplasms
  3 giant cockroaches
  7 goblins
  4 hobgoblins
  6 jackals
  4 kobolds (D:1)
  4 quokkas
  6 ball pythons
  7 frilled lizards
  3 rats
98 creatures vanquished.

Notes
Turn   | Place    | Note
-------+----------+-------------------------------------------
     0 | D:1      | bmack86 the Minotaur Fighter began the quest for the Orb.
     0 | D:1      | Reached XP level 1. HP: 19/19 MP: 0/0
    78 | D:1      | Reached XP level 2. HP: 26/26 MP: 1/1
   199 | D:1      | Reached skill level 3 in Axes
   274 | D:1      | Found a faded altar of an unknown god.
   607 | D:2      | Reached XP level 3. HP: 27/31 MP: 2/2
   756 | D:2      | Noticed Jessica
   761 | D:2      | Killed Jessica
   762 | D:2      | Reached skill level 5 in Shields
   890 | D:2      | Reached skill level 4 in Axes
   890 | D:2      | Reached XP level 4. HP: 36/39 MP: 3/3
  1387 | D:3      | Reached skill level 5 in Axes
  1469 | D:3      | Found a shadowy altar of Dithmenos.
  1650 | D:3      | Noticed a scorpion
  1655 | D:3      | Killed a scorpion
  1656 | D:3      | Reached skill level 6 in Axes
  1656 | D:3      | Reached XP level 5. HP: 45/45 MP: 4/4
  2180 | D:4      | Reached XP level 6. HP: 15/51 MP: 5/5
  2182 | D:4      | Reached skill level 7 in Axes
  2748 | D:4      | Noticed Menkaure
  2753 | D:4      | Killed Menkaure
  2754 | D:4      | Reached skill level 8 in Axes
  3131 | D:5      | Entered Level 5 of the Dungeon
  3181 | D:5      | Reached XP level 7. HP: 57/57 MP: 6/6
  3296 | D:5      | Found a snail-covered altar of Cheibriados.
  3391 | D:5      | Found a shadowy altar of Dithmenos.
  3451 | D:5      | Reached skill level 9 in Axes
  3721 | D:5      | Reached skill level 10 in Axes
  4287 | D:6      | HP: 2/52 [wight/+0 battleaxe (2)]
  4288 | D:6      | Mangled by a wight

Illustrated notes

Levels and vault maps discovered:
D:1:      lightli_arrival_statuegarden, layout_rooms,
          dreamdust_ecumenical_altar_hidden_monk_grotto, hangedman_decor_lopped,
          corexii_leaking_fountain
D:2:      layout_basic, uniq_jessica
D:3:      layout_basic, mainiacjoe_overflow_chevrons, hex_medium
D:4:      layout_basic, uniq_menkaure
D:5:      layout_basic, serial_glass, glass_columns_b, glass_columns_c,
          glass_columns_c, glass_columns_a, glass_columns_c, glass_columns_c,
          hangedman_feature_mirror, kennysheep_generic_room_11
D:6:      layout_gridville, nicolae_vehumet_altar_sigil,
          chequers_serial_rivers_micro_c, nicolae_sextant, minmay_misc_feat_x

Skill      XL: |  1  2  3  4  5  6  7 |
---------------+----------------------+-----
Shields        | 4 5 |  5.0
Axes           | 3 4 6 8 10 | 10.6
Fighting       | |  3.6
Armour         | |  3.6

Action                     |  1- 3 |  4- 6 |  7- 9 || total
---------------------------+-------+-------+-------++-------
  Melee: War axe           |    62 |    90 |    53 ||   205
         Headbutt          |     7 |    11 |     9 ||    27
    Use: Scroll            |       |     5 |       ||     5
         Potion            |       |       |     1 ||     1
 Armour: Scale mail        |    11 |       |       ||    11
         Plate armour      |     9 |    66 |    31 ||   106
  Dodge: Dodged            |    31 |    38 |    18 ||    87
  Block: Buckler           |    17 |    15 |    20 ||    52

Table legend: (Time is in decaauts)
 A = Elapsed time spent in this place.
 B = Non-inter-level travel time spent in this place.
 C = Inter-level travel time spent in this place.
 D = Time resting spent in this place.
 E = Time spent auto-exploring this place.
 F = Levels seen in this place.
 G = Mean time per level.
                   A        B        C        D        E       F      G
               +--------+--------+--------+--------+--------+-----+--------+
         Total |   4333 |   4243 |     90 |    405 |   2936 |   6 |  722.2 |
       Dungeon |   4333 |   4243 |     90 |    405 |   2936 |   6 |  722.2 |
               +--------+--------+--------+--------+--------+-----+--------+

Top non-repeatable levels by time:
     D:4: 1146 daAuts
     D:5: 980 daAuts
     D:2: 800 daAuts
     D:3: 794 daAuts
     D:1: 605 daAuts
     D:6: 6 daAuts
